 Dungeon Crawl Stone Soup version 0.29.1-15-g9cfb28693d (webtiles) character file.

Game seed: 5213513903842214

77998 LustLizard the Severer (level 15, -2/139 HPs)
             Began as a Minotaur Fighter on Mar 29, 2023.
             Was a Follower of Uskayaw.
             Slain by a green draconian monk (14 damage)
             ... on level 1 of the Abyss.
             The game lasted 00:32:01 (21962 turns).

LustLizard the Severer (Minotaur Fighter)          Turns: 21962, Time: 00:32:02

Health: -2/139     AC: 33    Str: 33    XL:     15   Next: 16%
Magic:  31/31      EV:  8    Int:  7    God:    Uskayaw [*.....]
Gold:   1431       SH: 11    Dex:  9    Spells: 14/14 levels left

rFire   . . .      SeeInvis .   a - +9 broad axe (freeze)
rCold   . . .      Faith    .   c - +0 buckler
rNeg    . . .      Spirit   .   V - +7 plate armour "Nobylirr" {Str+4}
rPois   .          Reflect  +   (helmet restricted)
rElec   .          Harm     .   i - +0 cloak
rCorr   .          Rampage  .   F - +0 pair of gloves
Will    +....                   Z - +0 pair of boots
Stlth   ..........              S - amulet of reflection
HPRegen 0.33/turn               Q - ring of Wishful Thinking {MP+9 AC+4 Int+2}
MPRegen 0.22/turn               K - +4 ring of protection

@: lethally poisoned (-2 -> -14)
A: horns 2, retaliatory headbutt
a: Renounce Religion, Stomp


You were on level 1 of the Abyss.
You worshipped Uskayaw.
Uskayaw was aware of your devotion.
You visited 3 branches of the dungeon, and saw 19 of its levels.
You visited the Abyss 1 time.

You collected 1431 gold pieces.

Inventory:

Hand Weapons
 a - a +9 broad axe of freezing (weapon)
 b - the +8 whip "Snakebite" {venom, curare, rPois}
   (You found it on level 4 of the Lair of Beasts)

   It poisons the flesh of those it strikes.
   It occasionally inflicts asphyxiating poison on those it strikes, dealing
   poison damage and causing slowness.
   rPois:     It protects you from poison.
 D - the +7 trident of Ru's Scorn {holy, rF+ Str+5 Int+2}
   (You found it on level 11 of the Dungeon)

   It has been blessed by the Shining One to cause great damage to the undead
   and demons.
   Str:       It affects your strength (+5).
   Int:       It affects your intelligence (+2).
   rF:        It protects you from fire.
Missiles
 l - 41 poisoned darts (quivered)
 p - 27 boomerangs
 C - 16 javelins
Armour
 c - a +0 buckler (worn)
 i - a +0 cloak (worn)
 F - a +0 pair of gloves (worn)
 V - the +7 plate armour "Nobylirr" (worn) {Str+4}
   (You found it on level 8 of the Dungeon)

   Str:       It affects your strength (+4).
 Z - a +0 pair of boots (worn)
Jewellery
 u - a ring of flight
 y - a ring of poison resistance
 E - a +4 ring of slaying
 K - a +4 ring of protection (right hand)
 P - a ring of wizardry
 Q - the ring of Wishful Thinking (left hand) {MP+9 AC+4 Int+2}
   (You took it off an orc on level 8 of the Dungeon)

   [ring of protection]

   AC:        It affects your AC (+4).
   Int:       It affects your intelligence (+2).
   MP:        It affects your magic capacity (+9).
 R - a ring of fire
 S - an amulet of reflection (around neck)
 X - a ring of ice
 Y - a ring of see invisible
Wands
 g - a wand of flame (16)
 N - a wand of iceblast (15)
 O - a wand of paralysis (10)
 W - a wand of quicksilver (9)
Scrolls
 f - a scroll of immolation {unknown}
 j - a scroll of acquirement {unknown}
 k - 3 scrolls of silence
 m - a scroll of enchant weapon
 r - 3 scrolls of poison
 v - 4 scrolls of teleportation
 w - a scroll of magic mapping
 A - a scroll of fear
 G - 3 scrolls of fog
 I - 2 scrolls of enchant armour
 J - 3 scrolls of torment
 L - a scroll of summoning
Potions
 d - 3 potions of might
 e - a potion of ambrosia
 h - 4 potions of brilliance
 n - 13 potions of curing
 o - 9 potions of lignification
 q - 2 potions of resistance
 s - 3 potions of magic
 t - 4 potions of berserk rage
 x - 3 potions of heal wounds
 z - 5 potions of haste
 H - 3 potions of cancellation
Miscellaneous
 B - a lightning rod (4/4)
 M - a phantom mirror
 T - a phial of floods
 U - a box of beasts


   Skills:
 + Level 14.3 Fighting
 - Level 18.0 Axes
 - Level 8.7 Throwing
 + Level 10.0 Armour
 + Level 10.0 Shields
 * Level 11.5 Invocations


You had 14 spell levels left.
You didn't know any spells.
Your spell library contained the following spells:

 Spells                   Type           Power      Damage    Failure   Level
 Apportation              Tloc           0%         N/A       98%         1
 Foxfire                  Conj/Fire      0%         2x1d4     98%         1
 Magic Dart               Conj           0%         1d3       98%         1
 Searing Ray              Conj           0%         2d4       99%         2
 Sublimation of Blood     Necr           0%         N/A       99%         2
 Conjure Flame            Conj/Fire      0%         6-21      100%        3
 Inner Flame              Hex/Fire       0%         N/A       100%        3
 Portal Projectile        Hex/Tloc       0%         N/A       100%        3
 Animate Dead             Necr           0%         N/A       100%        4
 Corpse Rot               Necr/Pois/Air  0%         N/A       100%        4
 Dispel Undead            Necr           0%         3d6       100%        4
 Flame Wave               Conj/Fire      0%         2d4       100%        4
 Fulminant Prism          Conj/Hex       0%         3d6       100%        4
 Iskenderun's Mystic Bla  Conj/Tloc      0%         2d3       100%        4
 Petrify                  Tmut/Erth      0%         N/A       100%        4
 Alistair's Intoxication  Tmut/Pois      0%         N/A       100%        5
 Borgnjor's Vile Clutch   Necr/Erth      0%         N/A       100%        5
 Freezing Cloud           Conj/Ice/Air   0%         6-21      100%        5
 Irradiate                Conj/Tmut      0%         3d11      100%        5
 Lee's Rapid Deconstruct  Erth           0%         3d5*      100%        5
 Death Channel            Necr           0%         N/A       100%        6
 Simulacrum               Ice/Necr       0%         N/A       100%        6
 Haunt                    Necr/Summ      0%         N/A       100%        7
 Polar Vortex             Ice            0%         N/A       100%        9


Dungeon Overview and Level Annotations

Branches:
Dungeon (13/15)            Temple (1/1) D:7            Lair (5/5) D:11
  Swamp (0/4) Lair:2        Snake (0/4) Lair:3        Slime (0/5) Lair:4
    Orc (0/2) D:12
 Vaults: D:13-14

Altars:
Ashenzari
Cheibriados
Dithmenos
Elyvilon
Fedhas
Gozag
Hepliaklqana
Kikubaaqudgha
Makhleb
Nemelex Xobeh
Okawaru
Qazlal
Ru
Sif Muna
Trog
Uskayaw
Vehumet
Wu Jian
Xom
Yredelemnul
Zin
The Shining One

Shops:
D:3 :   D:10 *   D:11 [

Portals:
Trove: D:12 (give +3 fire dragon scales)

Annotations:
D:7 3 runed translucent doors, venomsnake's ghost, amateur MiBe
D:13 Sonja


Innate Abilities, Weirdness & Mutations

You have a pair of horns on your head.
You reflexively headbutt those who attack you in melee.


Message History

The green draconian monk tail-slaps you but does no damage.
You block the green draconian monk's attack.
You completely miss the green draconian monk.
You are engulfed in poison gas.
You are more poisoned.
You feel very sick. The green draconian monk hits you!!
The green draconian monk kicks you but does no damage.
The green draconian monk barely misses you.
You block the green draconian monk's attack.
You feel extremely sick. The green draconian monk hits you!
You block the green draconian monk's attack.
The green draconian monk tail-slaps you but does no damage. x2
You miss the green draconian monk.
Your headbutt misses the green draconian monk.
You feel very sick.
The green draconian monk breathes poison at you.
The blast of poison engulfs you!
You are more poisoned.
* * * LOW HITPOINT WARNING * * *
You barely miss the green draconian monk.
Your headbutt misses the green draconian monk.
You are engulfed in poison gas.
You are lethally poisoned!
* * * LOW HITPOINT WARNING * * *
x2 You feel extremely sick.
Unknown command.
You miss the green draconian monk.
You are engulfed in poison gas.
You are more poisoned.
* * * LOW HITPOINT WARNING * * *
x2 You feel extremely sick.
You block the green draconian monk's attack. x2
The green draconian monk tail-slaps you but does no damage. x2
Unknown command.
You feel better.
You are engulfed in poison gas.
You are poisoned.
* * * LOW HITPOINT WARNING * * *
x2 You feel very sick.
The green draconian monk hits you!
You die...

....#.....#..
...... ........ .
.............. ..
....#........ ...
............ ...#
#.#......#☼##☼...#
# #...°.°#°☼☼☼##
#.#.##°○.x@#...#.
# .....#.°q○☼...#
###...####○#.#...
. #..∩.. . ..#.#
#...........∩....
#. ...x.. #...#..
. ........ ......
...#..#. .....#...
............. .


You could see a green draconian monk (catching breath) and a small abomination.

Vanquished Creatures
  Rupert (Lair:4)
  Jorgrun (D:12)
  Fannar (D:10)
  3 boulder beetles
  A centaur warrior (D:11)
  8 hydras
  A merfolk avatar (Lair:5)
  A two-headed ogre (D:12)
  An alligator (shapeshifter) (D:8)
  Urug (Lair:5)
  A cyclops (D:6)
  A lindwurm (Lair:5)
  2 deep elf pyromancers
  4 manticores
  2 oklob plants (Lair:4)
  12 elephants
  Joseph (D:9)
  9 black mambas
  17 cane toads
  4 rime drakes
  A gargoyle (D:12)
  A kobold demonologist (D:12)
  8 komodo dragons
  An unseen horror (D:10)
  2 wind drakes (Lair:5)
  A troll (D:8)
  2 polar bears (Lair:5)
  11 blink frogs
  3 hornets
  Prince Ribbit (D:7)
  3 snapping turtles (Lair:5)
  7 dream sheep (Lair:2)
  A slime creature (D:8)
  Sigmund (D:4)
  3 shadows
  A vampire (D:8)
  17 yaks
  2 wraiths
  10 humans
  A basilisk (Lair:5)
  2 steam dragons
  Edmund (D:4)
  3 nagas (Lair:3)
  2 acid dragons
  A warg (D:12)
  31 water moccasins
  6 orc warriors
  5 ice beasts
  2 black bears (D:5)
  5 ogres
  17 wolves
  8 centaurs
  2 phantoms
  4 kobold brigands
  13 bullfrogs
  3 scorpions
  A necrophage (D:6)
  2 gnoll sergeants
  A water moccasin zombie (D:4)
  10 killer bees
  3 howler monkeys
  A bullfrog zombie (D:4)
  A centaur zombie (D:4)
  A hound (D:5)
  2 jellies
  8 orc priests
  2 gnoll boudas
  6 iguanas
  Natasha (thrice) (D:4)
  10 orc wizards
  A scorpion zombie (D:4)
  15 gnolls
  9 adders
  5 white imps
  2 ufetubi
  An adder zombie (D:4)
  A worm (D:4)
  A dart slug (D:2)
  25 orcs
  7 ball pythons
  8 endoplasms
  2 giant cockroaches
  15 goblins
  7 hobgoblins
  5 jackals
  24 kobolds
  6 quokkas
  5 bats
  A frilled lizard (D:1)
  6 rats
451 creatures vanquished.

Vanquished Creatures (others)
  A quokka (D:4)
  21 fungi
  55 plants
77 creatures vanquished.

Grand Total: 528 creatures vanquished

Notes
Turn   | Place    | Note
-------+----------+-------------------------------------------
     0 | D:1      | LustLizard the Minotaur Fighter began the quest for the
                  | Orb.
     0 | D:1      | Reached XP level 1. HP: 19/19 MP: 0/0
   158 | D:1      | Reached skill level 3 in Axes
   185 | D:1      | Reached XP level 2. HP: 27/27 MP: 1/1
   897 | D:2      | Reached XP level 3. HP: 30/33 MP: 2/2
   967 | D:2      | Reached skill level 4 in Axes
  1284 | D:2      | Found a faded altar of an unknown god.
  1666 | D:3      | Found a stormy altar of Qazlal.
  1666 | D:3      | Found a snail-covered altar of Cheibriados.
  1671 | D:3      | Found an iron altar of Okawaru.
  1696 | D:3      | Found a burning altar of Makhleb.
  1698 | D:3      | Found a shimmering blue altar of Sif Muna.
  1703 | D:3      | Found a glowing silver altar of Zin.
  1730 | D:3      | Found a blossoming altar of Fedhas.
  1832 | D:3      | Found Nafeacs's Vocational Training.
  1883 | D:3      | Found a radiant altar of Vehumet.
  2184 | D:4      | Reached XP level 4. HP: 41/41 MP: 3/3
  2185 | D:4      | Noticed an ogre
  2199 | D:4      | Killed an ogre
  2200 | D:4      | Reached skill level 5 in Axes
  2200 | D:4      | Reached skill level 1 in Throwing
  2200 | D:4      | Reached XP level 5. HP: 47/47 MP: 4/4
  2214 | D:4      | Found a white marble altar of Elyvilon.
  2314 | D:4      | Reached skill level 5 in Fighting
  2327 | D:4      | Noticed Sigmund
  2542 | D:4      | Killed Sigmund
  2543 | D:4      | Reached skill level 6 in Axes
  2543 | D:4      | Reached XP level 6. HP: 35/56 MP: 5/5
  2622 | D:4      | Noticed Natasha
  2625 | D:4      | Killed Natasha
  2737 | D:4      | Identified the +0 robe of the Sun {Stlth+}
  2789 | D:4      | Reached skill level 7 in Axes
  2789 | D:4      | Reached XP level 7. HP: 58/62 MP: 6/6
  2931 | D:4      | Found a basalt altar of Yredelemnul.
  2942 | D:4      | Found an ornate altar of the Wu Jian Council.
  3045 | D:4      | Noticed Edmund
  3055 | D:4      | Killed Edmund
  3439 | D:4      | Reached skill level 8 in Axes
  3879 | D:4      | Noticed Natasha
  3882 | D:4      | Killed Natasha
  3922 | D:4      | Noticed Natasha
  3926 | D:4      | Killed Natasha
  4105 | D:5      | Entered Level 5 of the Dungeon
  4181 | D:5      | Reached XP level 8. HP: 63/71 MP: 5/7
  4470 | D:5      | Reached skill level 9 in Axes
  5186 | D:5      | Reached skill level 5 in Throwing
  5250 | D:5      | Reached skill level 10 in Axes
  5730 | D:6      | Reached XP level 9. HP: 64/81 MP: 8/8
  5881 | D:6      | Reached skill level 11 in Axes
  6801 | D:6      | Noticed a cyclops
  6830 | D:6      | Killed a cyclops
  6831 | D:6      | Reached skill level 12 in Axes
  7508 | D:7      | Found a runed translucent gate.
  7508 | D:7      | Found a runed translucent gate.
  7509 | D:7      | Noticed venomsnake's ghost (amateur MiBe)
  7510 | D:7      | Found a runed translucent gate.
  7510 | D:7      | Noticed a kobold demonologist
  7650 | D:7      | Reached XP level 10. HP: 91/91 MP: 9/9
  7723 | D:7      | Noticed Prince Ribbit
  7734 | D:7      | Killed Prince Ribbit
  7947 | D:7      | Found a staircase to the Ecumenical Temple.
  7985 | Temple   | Entered the Ecumenical Temple
  7994 | Temple   | Became a worshipper of Uskayaw the Reveller
  8049 | D:7      | Found an ancient bone altar of Kikubaaqudgha.
  8225 | D:8      | Reached * piety under Uskayaw
  8230 | D:8      | Reached ** piety under Uskayaw
  8231 | D:8      | Reached *** piety under Uskayaw
  8270 | D:8      | Found a sacrificial altar of Ru.
  8332 | D:8      | Reached **** piety under Uskayaw
  8335 | D:8      | Reached ***** piety under Uskayaw
  8337 | D:8      | Reached skill level 13 in Axes
  8996 | D:8      | Reached skill level 10 in Fighting
  9057 | D:8      | Noticed a four-headed hydra
  9064 | D:8      | Killed a four-headed hydra
  9094 | D:8      | Identified the +6 shortbow "Erilot" {freeze, Contam Dex+9}
  9097 | D:8      | Identified the ring of Wishful Thinking {MP+9 AC+4 Int+2}
  9430 | D:8      | Noticed an alligator
  9441 | D:8      | Killed an alligator
  9442 | D:8      | Reached skill level 14 in Axes
  9446 | D:8      | Noticed a manticore
  9457 | D:8      | Killed a manticore
  9481 | D:8      | Noticed a manticore
  9728 | D:8      | Killed a manticore
  9729 | D:8      | Reached XP level 11. HP: 32/101 MP: 4/10
 10171 | D:8      | Identified the +7 plate armour "Nobylirr" {Str+4}
 10826 | D:9      | Found a sparkling altar of Nemelex Xobeh.
 10941 | D:9      | Noticed Joseph
 10952 | D:9      | Killed Joseph
 11156 | D:10     | Entered Level 10 of the Dungeon
 11187 | D:10     | Noticed Fannar
 11199 | D:10     | Killed Fannar
 11200 | D:10     | Reached skill level 15 in Axes
 11498 | D:10     | Found Tegouj's Profane Products.
 12385 | D:11     | Found Zisseb's Armour Shop.
 12485 | D:11     | Identified the +7 trident of Ru's Scorn {holy, rF+ Str+5
                  | Int+2}
 12558 | D:11     | Noticed an eight-headed hydra
 12609 | D:11     | Found a staircase to the Lair.
 12746 | D:11     | Noticed a deep elf pyromancer
 12748 | D:11     | Noticed an eight-headed hydra
 12750 | D:11     | Noticed a centaur warrior
 12760 | D:11     | Killed an eight-headed hydra
 12761 | D:11     | Reached skill level 5 in Armour
 12761 | D:11     | Reached skill level 5 in Shields
 12784 | D:11     | Killed a deep elf pyromancer
 13070 | D:11     | Killed a centaur warrior
 13071 | D:11     | Reached skill level 16 in Axes
 13085 | D:11     | Killed an eight-headed hydra
 13097 | D:11     | Got the Directory of the Grave and Direction
 13292 | D:12     | Noticed a boulder beetle
 13292 | D:12     | Found a portal to a secret trove of treasure.
 13310 | D:12     | Killed a boulder beetle
 13471 | D:12     | Reached XP level 12. HP: 112/112 MP: 11/11
 13510 | D:12     | Noticed a two-headed ogre
 13520 | D:12     | Killed a two-headed ogre
 13521 | D:12     | Reached skill level 1 in Invocations
 13525 | D:12     | Found a staircase to the Orcish Mines.
 13528 | D:12     | Reached ****** piety under Uskayaw
 13560 | D:12     | Identified the +3 ring mail of the Doldrums {MP-9 Str+4
                  | Dex+5}
 13847 | D:12     | Noticed a seven-headed hydra
 13852 | D:12     | Killed a seven-headed hydra
 13903 | D:12     | Noticed Jorgrun
 13920 | D:12     | Killed Jorgrun
 14586 | D:13     | Noticed a boulder beetle
 14607 | D:13     | Killed a boulder beetle
 14887 | Lair:1   | Entered Level 1 of the Lair of Beasts
 15152 | Lair:1   | Reached skill level 17 in Axes
 15950 | Lair:2   | Reached skill level 5 in Invocations
 16594 | Lair:2   | Noticed a six-headed hydra
 16604 | Lair:2   | Killed a six-headed hydra
 16789 | Lair:2   | Reached XP level 13. HP: 100/119 MP: 16/16
 16917 | Lair:2   | Found a staircase to the Swamp.
 17102 | Lair:2   | Identified the +3 sling of Vayqorev {freeze, rC+}
 17520 | Lair:3   | Found a staircase to the Snake Pit.
 18715 | Lair:4   | Found a staircase to the Slime Pits.
 18723 | Lair:4   | Reached skill level 18 in Axes
 19182 | Lair:4   | Reached skill level 10 in Invocations
 19182 | Lair:4   | Reached XP level 14. HP: 129/129 MP: 20/20
 19503 | Lair:4   | Noticed Rupert
 20003 | Lair:4   | Identified the +4 whip of the Sea {freeze, Dex+3}
 20017 | Lair:4   | Killed Rupert
 20272 | Lair:4   | Found the +8 whip "Snakebite" {venom, curare, rPois}
 20380 | Lair:5   | Entered Level 5 of the Lair of Beasts
 20692 | Lair:5   | Identified the +3 trident "Jyiclapo" {vamp, Will- Str+9
                  | Int+4}
 20704 | Lair:5   | Reached XP level 15. HP: 91/138 MP: 22/22
 20705 | Lair:5   | Identified the +3 leather armour "Tucah" {Rampage rPois
                  | Will+ Str-4}
 21457 | Lair:5   | Noticed Urug
 21463 | Lair:5   | Killed Urug
 21464 | Lair:5   | Reached skill level 10 in Armour
 21464 | Lair:5   | Reached skill level 10 in Shields
 21854 | D:13     | Noticed Sonja
 21864 | Abyss:1  | Cast into level 1 of the Abyss (Sonja)
 21941 | Abyss:1  | Noticed a green draconian monk
 21962 | Abyss:1  | Slain by a green draconian monk

Illustrated notes

Levels and vault maps discovered:
D:1:      elethiomel_arrival_quiet, layout_rooms, grunt_decor_one_mirror
D:2:      layout_basic, shapermc_ecumenical_altar_mp_vishouse
D:3:      layout_rooms, nicolae_overflow_hallway_of_the_gods,
          mainiacjoe_overflow_chevrons, fedhas_altar_3, nicolae_shop_vocational
D:4:      layout_basic, general_overflow_altar, elyvilon_altar_4,
          nicolae_yredelemnul_corpse_copse, minmay_ogre_servants, uniq_natasha,
          uniq_edmund, uniq_sigmund
D:5:      layout_cave_pools, serial_gnoll_camp, gnoll_camp_mini_doghouse,
          gnoll_camp_mini_hut, gnoll_camp_mini_loothouse, gnoll_camp_mini_hut
D:6:      wad_guarded_room, layout_basic
D:7:      layout_loops_cross, mainiacjoe_overflow_alcove_4,
          gammafunk_ghost_nasty_kobolds, uniq_prince_ribbit1
D:8:      minmay_the_grid_octo_triangle [minmay_the_grid_octo_clover,
          minmay_the_grid_octo_prize_star, minmay_the_grid_octo_chip],
          layout_cave_pools, nicolae_ru_awakened_eye
D:9:      layout_rooms, mainiacjoe_overflow_alcove_1, uniq_joseph
D:10:     layout_loops_corners, nicolae_evil_shop, uniq_fannar
D:11:     layout_roguey, david_lair_shrubbed, serial_shops, shop_coins,
          minmay_diamond_spiral
D:12:     layout_rooms, erik_orc_4, nicolae_trove_entry_free_sample,
          uniq_jorgrun
D:13:     layout_grid_maze, grunt_vaults_entry_tiered, uniq_maurice, uniq_sonja
Temple:   hellmonk_temple_rainy
Lair:1:   layout_layer_cave
Lair:2:   layout_chaotic_city, swamp_mist, minivault_23
Lair:3:   layout_chaotic_city, minmay_snake_entry_guardpost_medium,
          nicolae_lair_grove_arrangements, st_stairs_5, grunt_megastairs_4,
          lemuel_fruit_tree, infiniplex_staircase_pool_2, serial_bayou_shore_b
Lair:4:   minmay_guarded_unrand_snakebite, layout_hall_layers,
          minmay_slime_entry_oklob_open, beast_lair_carwin_10,
          grunt_megastairs_3, uniq_rupert
Lair:5:   gammafunk_lair_ancient_temple, layout_loops_ring, st_stairs_12,
          infiniplex_staircase_pool, uniq_urug
Abyss:1:  base:
D:10

Skill      XL: |  1  2  3  4  5  6  7  8  9 10 11 12 13 14 15 |
---------------+----------------------------------------------+-----
Axes           | 3 4 5 6 7 8 10 12 14 16 17 18 | 18.0
Fighting       | 4 5 6 8 9 10 12 13 14 | 14.3
Throwing       | 1 2 3 5 6 8 |  8.7
Armour         | 5 7 8 9 10 | 10.0
Shields        | 5 7 8 9 10 | 10.0
Invocations    | 5 10 11 | 11.5

Action                   |  1- 3 |  4- 6 |  7- 9 | 10-12 | 13-15 || total
-------------------------+-------+-------+-------+-------+-------++-------
Melee: War axe           |    78 |    51 |    44 |       |       ||   173
       Headbutt          |    11 |     5 |    48 |   116 |    77 ||   257
       Flail             |       |       |   204 |   285 |       ||   489
       Trident           |       |       |       |   334 |   195 ||   529
       Broad axe         |       |       |       |       |   177 ||   177
Throw: Dart              |       |    11 |     2 |       |       ||    13
       Boomerang         |       |       |       |    13 |    28 ||    41
       Throwing net      |       |       |       |       |     1 ||     1
Invok: Stomp             |       |       |       |     1 |       ||     1
Evoke: Wand              |       |       |       |     5 |     3 ||     8
  Use: Scroll            |     4 |       |     3 |    18 |    10 ||    35
       Potion            |       |       |       |     3 |     2 ||     5
 Stab: Paralysed         |       |       |       |    43 |    42 ||    85
Armor: Scale mail        |    32 |    13 |   116 |     5 |       ||   166
       Plate armour      |       |       |       |   347 |   171 ||   518
       Skin              |       |       |       |     1 |       ||     1
Dodge: Dodged            |    40 |    11 |   112 |   154 |    82 ||   399
Block: Buckler           |    13 |     9 |    48 |   200 |   143 ||   413
       Reflection        |       |       |       |     9 |     3 ||    12
